Pick #1

Connor Bedard
Pick #2

Leo Carlsson
Pick #3

Adam Fantilli
Pick #4

Matvei Michkov
Pick #5

David Reinbacher
Pick #6

William Smith
Pick #7

Zachary Benson
Pick #8

Ryan Leonard
Pick #9

Gabriel Perreault
Pick #10

Axel Sandin-Pellika
Pick #11

Daniil But
Pick #12

Dalibor Dvorsky
Pick #13

Quentin Musty
Pick #14

Brayden Yager
Pick #15

Dmitry Simashev
Pick #16

Colby Barlow
Pick #17

Andrew Cristall
Pick #18

Easton Cowan
Pick #19

Jacob Fowler
Pick #20

Oliver Moore
Pick #21

Oliver Bonk
Pick #22

Tom Willander
Pick #23

Calum Ritchie
Pick #24

Tanner Molendyk
Pick #25

Gavin Brindley
Pick #26

Nate Danielson
Pick #27

Pick #28

Pick #29

Pick #30

Pick #31

Pick #32

Pick #33

Pick #34

Pick #35

Pick #36

Pick #37

Pick #38

Pick #39

Pick #40

Pick #41

Pick #42

Pick #43

Pick #44

Pick #45

Pick #46

Pick #47

Pick #48

Pick #49

Pick #50

Pick #51

Pick #52

Pick #53

Pick #54

Pick #55

Pick #56

Pick #57

Pick #58

Pick #59

Pick #60

Pick #61

Pick #62

Pick #63

Pick #64

Pick #65

Pick #66

Pick #67

Pick #68

Pick #69

Pick #70

Pick #71

Pick #72

Pick #73

Pick #74

Pick #75

Pick #76

Pick #77

Pick #78

Pick #79

Pick #80

Pick #81

Pick #82

Pick #83

Pick #84

Pick #85

Pick #86

Pick #87

Pick #88

Pick #89

Pick #90

Pick #91

Pick #92

Pick #93

Pick #94

Pick #95

Pick #96

Pick #97

Pick #98

Pick #99

Pick #100

Pick #101

Pick #102

Pick #103

Pick #104

Pick #105

Pick #106

Pick #107

Pick #108

Pick #109

Pick #110

Pick #111

Pick #112

Pick #113

Pick #114

Pick #115

Pick #116

Pick #117

Pick #118

Pick #119

Pick #120

Pick #121

Pick #122

Pick #123

Pick #124

Pick #125

Pick #126

Pick #127

Pick #128

Pick #129

Pick #130

Full Scoreboard »»

Predators vs Capitals

Created - December 11, 2023 at 22:15

Goals
1 2 3 T
Predators 1 0 0 1
Capitals 0 3 0 3
Shots
1 2 3 T
Predators 11 11 10 32
Capitals 2 11 7 20

GoalsPenalties
1st period
1. Predators , Tage Thompson 12 (Gabriel Vilardi 2) at 13:24
J.T. Miller (NSH) for Hooking (Minor) at 10:06
2nd period
2. Capitals , Ben Hutton 2 (Michael Rasmussen 8) at 2:46 (PP)
3. Capitals , Elias Pettersson 10 (Kaapo Kakko 8) at 3:10
4. Capitals , David Kampf 2 (Michael Rasmussen 9) at 15:19
J.T. Miller (NSH) for Slashing (Minor) at 1:52
Roman Josi (NSH) for Interference (Minor) at 19:21
3rd period
No Goal
Noah Dobson (WSH) for Hooking (Minor) at 6:36
Brandon Carlo (NSH) for High sticking (Minor) at 18:02
Goalie Stats
Ilya Sorokin (NSH), 17 saves from 20 shots - (0.850), L, 18-5-1, 60:00 minutes
Pyotr Kochetkov (WSH), 31 saves from 32 shots - (0.969), W, 4-11-3, 60:00 minutes
3 StarsOfficial
1 - Pyotr Kochetkov (WSH)
2 - Elias Pettersson (WSH)
3 - David Kampf (WSH)
Referees : Kelly Sutherland and Beaudry Halkidis
Linesman : Brandon Gawryletz and Brian Mach
Game Note
No Game Note
Finance
Level 1 -- Attendance: 2473 (38.05%) -- Ticket Income $618,250
Level 2 -- Attendance: 1842 (36.84%) -- Ticket Income $368,400
Level 3 -- Attendance: 1009 (28.83%) -- Ticket Income $176,575
Level 4 -- Attendance: 698 (27.85%) -- Ticket Income $104,700
Luxury Box -- Attendance: 461 (46.10%) -- Ticket Income $184,400
Game was played at the Verizon Center.
Total Attendance: 6483 (35.03%)
Total Ticket Income: $1,452,325
Other Income: $363,081
Total Income: $1,815,406



Team Name Goals Shots Shots Attemp Shots Blocked PIM HIT PP PK FO%
Predators 1325178290 / 1 (0%)144%
Capitals 3203342241 / 4 (25%)056%

Predators
Player Name POS G A P +/- PIM HIT SHT SB MP PP MP PP SHT PK MP PK SHT FO% FOT
Alex TuchRW000-1004018:470:5600:0000% 0
Brandon CarloD0000211014:380:0000:0000% 0
Cal ClutterbuckRW000002105:040:0001:5000% 0
Colton SissonsC000001018:130:0004:59062% 13
Darnell NurseD000-1010220:581:0303:0700% 0
Gabriel VilardiRW0111011017:271:0300:0000% 0
J.T. CompherLW0000022020:410:0004:5900% 1
J.T. MillerC000-1434020:181:0310:00052% 21
Jake McCabeD000000000:000:0000:0000% 0
Jesperi KotkaniemiC000-1023113:430:0000:00040% 20
Kyle ConnorLW0001012018:011:0300:0000% 0
Lucas RaymondLW000-1001018:541:0300:0000% 0
Nikita ZadorovD000-1030219:380:0002:5000% 0
Roman JosiD0000200023:560:5603:1600% 0
Tage ThompsonC1011038017:200:5620:00033% 21
Taylor HallLW000-1003014:500:5600:0000% 2
Thomas ChabotD0000031125:060:5604:2500% 0
Yakov TreninC000-1061015:330:0001:5000% 0
Capitals
Player Name POS G A P +/- PIM HIT SHT SB MP PP MP PP SHT PK MP PK SHT FO% FOT
Alex ChiassonRW000000000:000:0000:0000% 0
Ben HuttonD1012011118:513:5111:0300% 0
Brad HuntD000-1000121:373:2900:5600% 0
Cody CeciD0000030025:393:2001:0300% 0
David KampfC1012021013:570:0000:0000% 0
Elias PetterssonC1011052023:162:4701:33072% 18
Jonas SiegenthalerD000-1030219:532:5800:5600% 0
Jordan GreenwayLW000-1033019:483:3020:00050% 2
Kaapo KakkoRW0111012022:543:1900:3900% 0
Kevin LabancRW000-1001016:180:0000:000100% 1
Matias MaccelliLW0001012023:403:1911:25060% 5
Michael RasmussenC0221014014:133:1910:21145% 22
Morgan FrostC000000006:080:4300:0000% 0
Noah DobsonD0000201020:020:0000:0000% 0
Pavel ZachaC000-1020016:180:0000:00063% 16
Quinton ByfieldC0001021015:580:0000:00043% 7
Tyler JohnsonC0001002014:033:3000:00043% 7
Vinnie HinostrozaC000000005:250:0000:0000% 0



Play-by-Play

1st period


0:01 of 1st period - J.T. Miller wins face-off versus Matias Maccelli in neutral zone.
0:37 of 1st period - Shot by J.T. Miller.
0:37 of 1st period - Stopped by Pyotr Kochetkov with a rebound.
1:13 of 1st period - Shot by Tage Thompson.
1:13 of 1st period - Shot Blocked by Brad Hunt.
1:27 of 1st period - Shot by Kyle Connor.
1:27 of 1st period - Shot Misses the Net.
1:39 of 1st period - Shot by Tage Thompson.
1:39 of 1st period - Shot Misses the Net.
1:41 of 1st period - Shot by Gabriel Vilardi.
1:41 of 1st period - Shot Misses the Net.
2:05 of 1st period - Icing by Brandon Carlo.
2:06 of 1st period - Jesperi Kotkaniemi wins face-off versus Michael Rasmussen in Predators zone.
2:06 of 1st period - Jesperi Kotkaniemi is hit by Quinton Byfield.
3:19 of 1st period - Off-side.
3:20 of 1st period - Quinton Byfield wins face-off versus Tage Thompson in neutral zone.
4:00 of 1st period - Icing by Roman Josi.
4:01 of 1st period - Elias Pettersson wins face-off versus Tage Thompson in Predators zone.
4:10 of 1st period - Jonas Siegenthaler is hit by Tage Thompson and loses puck.
4:33 of 1st period - Shot by Alex Tuch.
4:33 of 1st period - Shot Misses the Net.
4:44 of 1st period - Kaapo Kakko is hit by Nikita Zadorov and loses puck.
5:40 of 1st period - Shot by Kyle Connor.
5:40 of 1st period - Shot Blocked by Ben Hutton.
5:42 of 1st period - Shot by Cal Clutterbuck.
5:42 of 1st period - Stopped by Pyotr Kochetkov without a rebound.
5:43 of 1st period - Jesperi Kotkaniemi wins face-off versus Tyler Johnson in Capitals zone.
6:03 of 1st period - Yakov Trenin is hit by Cody Ceci and loses puck.
6:13 of 1st period - Icing by Noah Dobson.
6:14 of 1st period - J.T. Miller wins face-off versus Michael Rasmussen in Capitals zone.
6:25 of 1st period - Shot by Michael Rasmussen.
6:25 of 1st period - Shot Misses the Net.
6:35 of 1st period - Shot by Alex Tuch.
6:35 of 1st period - Stopped by Pyotr Kochetkov without a rebound.
6:36 of 1st period - Elias Pettersson wins face-off versus Colton Sissons in Capitals zone.
6:36 of 1st period - Elias Pettersson is hit by J.T. Compher.
6:39 of 1st period - Brad Hunt is hit by Cal Clutterbuck and loses puck.
6:58 of 1st period - Jonas Siegenthaler is hit by Cal Clutterbuck and loses puck.
7:12 of 1st period - Elias Pettersson is hit by Thomas Chabot and loses puck.
8:01 of 1st period - Shot by Kyle Connor.
8:01 of 1st period - Shot Misses the Net.
8:03 of 1st period - Shot by Darnell Nurse.
8:03 of 1st period - Shot Blocked by Jonas Siegenthaler.
8:05 of 1st period - Shot by Gabriel Vilardi.
8:05 of 1st period - Shot Misses the Net.
8:07 of 1st period - Shot by Gabriel Vilardi.
8:07 of 1st period - Stopped by Pyotr Kochetkov without a rebound.
8:08 of 1st period - Pavel Zacha wins face-off versus J.T. Miller in Capitals zone.
8:23 of 1st period - Shot by Kevin Labanc.
8:23 of 1st period - Deflect By Pavel Zacha.
8:23 of 1st period - Shot Misses the Net.
8:49 of 1st period - Icing by Cody Ceci.
8:50 of 1st period - Pavel Zacha wins face-off versus Jesperi Kotkaniemi in Capitals zone.
9:09 of 1st period - Shot by Taylor Hall.
9:09 of 1st period - Stopped by Pyotr Kochetkov with a rebound.
9:13 of 1st period - Shot by Jesperi Kotkaniemi.
9:13 of 1st period - Stopped by Pyotr Kochetkov without a rebound.
9:14 of 1st period - Quinton Byfield wins face-off versus Tage Thompson in Capitals zone.
10:06 of 1st period - Minor Penalty to J.T. Miller for Hooking.
10:07 of 1st period - Colton Sissons wins face-off versus Michael Rasmussen in Predators zone.
10:26 of 1st period - Shot by Matias Maccelli.
10:26 of 1st period - Stopped by Ilya Sorokin without a rebound.
10:27 of 1st period - Colton Sissons wins face-off versus Tyler Johnson in Predators zone.
10:27 of 1st period - Colton Sissons is hit by Jordan Greenway.
10:43 of 1st period - Shot by Elias Pettersson.
10:43 of 1st period - Shot Misses the Net.
10:54 of 1st period - Icing by Cody Ceci.
10:55 of 1st period - Colton Sissons wins face-off versus Tyler Johnson in Capitals zone.
11:47 of 1st period - Shot by Brad Hunt.
11:47 of 1st period - Shot Blocked by Colton Sissons.
13:24 of 1st period - Shot by Tage Thompson.
13:24 of 1st period - Goal by Tage Thompson - Predators : 1 - Capitals : 0.
13:25 of 1st period - Jesperi Kotkaniemi wins face-off versus Elias Pettersson in neutral zone.
13:34 of 1st period - Shot by Thomas Chabot.
13:34 of 1st period - Stopped by Pyotr Kochetkov without a rebound.
13:35 of 1st period - J.T. Miller wins face-off versus Elias Pettersson in Capitals zone.
14:03 of 1st period - David Kampf is hit by Thomas Chabot and loses puck.
14:14 of 1st period - Shot by Alex Tuch.
14:14 of 1st period - Shot Misses the Net.
14:19 of 1st period - Icing by Ben Hutton.
14:20 of 1st period - Elias Pettersson wins face-off versus Jesperi Kotkaniemi in Capitals zone.
14:22 of 1st period - Icing by Ben Hutton.
14:23 of 1st period - Elias Pettersson wins face-off versus Jesperi Kotkaniemi in Capitals zone.
14:23 of 1st period - David Kampf is hit by Jesperi Kotkaniemi and loses puck.
14:42 of 1st period - Shot by Taylor Hall.
14:42 of 1st period - Stopped by Pyotr Kochetkov without a rebound.
14:43 of 1st period - Tage Thompson wins face-off versus Michael Rasmussen in Capitals zone.
14:56 of 1st period - Thomas Chabot is hit by Quinton Byfield and loses puck.
15:02 of 1st period - Off-side.
15:03 of 1st period - J.T. Miller wins face-off versus Pavel Zacha in neutral zone.
15:03 of 1st period - J.T. Miller is hit by Pavel Zacha.
15:07 of 1st period - Shot by J.T. Miller.
15:07 of 1st period - Stopped by Pyotr Kochetkov with a rebound.
16:28 of 1st period - Icing by Tyler Johnson.
16:29 of 1st period - Michael Rasmussen wins face-off versus Jesperi Kotkaniemi in Capitals zone.
16:31 of 1st period - Icing by Jonas Siegenthaler.
16:32 of 1st period - Jesperi Kotkaniemi wins face-off versus Michael Rasmussen in Capitals zone.
16:43 of 1st period - Shot by Quinton Byfield.
16:43 of 1st period - Stopped by Ilya Sorokin without a rebound.
16:44 of 1st period - Tage Thompson wins face-off versus Elias Pettersson in Predators zone.
16:44 of 1st period - Tage Thompson is hit by Elias Pettersson.
17:12 of 1st period - Roman Josi is hit by Matias Maccelli.
17:18 of 1st period - Shot by Tage Thompson.
17:18 of 1st period - Stopped by Pyotr Kochetkov without a rebound.
17:19 of 1st period - Pavel Zacha wins face-off versus Jesperi Kotkaniemi in Capitals zone.
19:17 of 1st period - Noah Dobson is hit by Yakov Trenin and loses puck.
Goals for this period are 1 for Predators vs 0 for Capitals.
Shots for this period are 11 for Predators vs 2 for Capitals.

2nd period


0:01 of 2nd period - Matias Maccelli wins face-off versus J.T. Miller in neutral zone.
0:11 of 2nd period - Elias Pettersson is hit by Thomas Chabot and loses puck.
1:01 of 2nd period - Icing by Nikita Zadorov.
1:02 of 2nd period - Tage Thompson wins face-off versus Pavel Zacha in Predators zone.
1:13 of 2nd period - Shot by Tage Thompson.
1:13 of 2nd period - Stopped by Pyotr Kochetkov without a rebound.
1:14 of 2nd period - Colton Sissons wins face-off versus Michael Rasmussen in Capitals zone.
1:52 of 2nd period - Minor Penalty to J.T. Miller for Slashing.
1:53 of 2nd period - Elias Pettersson wins face-off versus Colton Sissons in Predators zone.
2:46 of 2nd period - Shot by Ben Hutton.
2:46 of 2nd period - Goal by Ben Hutton - Predators : 1 - Capitals : 1.
2:47 of 2nd period - Quinton Byfield wins face-off versus Tage Thompson in neutral zone.
2:58 of 2nd period - Shot by Tage Thompson.
2:58 of 2nd period - Stopped by Pyotr Kochetkov without a rebound.
2:59 of 2nd period - Elias Pettersson wins face-off versus J.T. Miller in Capitals zone.
2:59 of 2nd period - Kaapo Kakko is hit by J.T. Miller and loses puck.
3:10 of 2nd period - Shot by Elias Pettersson.
3:10 of 2nd period - Goal by Elias Pettersson - Predators : 1 - Capitals : 2.
3:11 of 2nd period - Pavel Zacha wins face-off versus Tage Thompson in neutral zone.
3:24 of 2nd period - Thomas Chabot is hit by Jordan Greenway and loses puck.
4:06 of 2nd period - Jordan Greenway is hit by J.T. Miller and loses puck.
4:22 of 2nd period - Off-side.
4:23 of 2nd period - Elias Pettersson wins face-off versus Jesperi Kotkaniemi in neutral zone.
4:26 of 2nd period - Jesperi Kotkaniemi is hit by Elias Pettersson and loses puck.
4:53 of 2nd period - Shot by Kaapo Kakko.
4:53 of 2nd period - Stopped by Ilya Sorokin without a rebound.
4:54 of 2nd period - Michael Rasmussen wins face-off versus J.T. Miller in Predators zone.
5:28 of 2nd period - J.T. Miller is hit by David Kampf and loses puck.
5:37 of 2nd period - Shot by Alex Tuch.
5:37 of 2nd period - Deflect By Lucas Raymond.
5:37 of 2nd period - Stopped by Pyotr Kochetkov without a rebound.
5:38 of 2nd period - Elias Pettersson wins face-off versus Tage Thompson in Capitals zone.
6:09 of 2nd period - Shot by Elias Pettersson.
6:09 of 2nd period - Shot Blocked by Darnell Nurse.
6:11 of 2nd period - Shot by Noah Dobson.
6:11 of 2nd period - Stopped by Ilya Sorokin without a rebound.
6:12 of 2nd period - Jordan Greenway wins face-off versus Jesperi Kotkaniemi in Predators zone.
6:33 of 2nd period - Shot by Kevin Labanc.
6:33 of 2nd period - Stopped by Ilya Sorokin without a rebound.
6:34 of 2nd period - Michael Rasmussen wins face-off versus J.T. Miller in Predators zone.
6:35 of 2nd period - Shot by Tyler Johnson.
6:35 of 2nd period - Stopped by Ilya Sorokin with a rebound.
6:37 of 2nd period - Shot by Michael Rasmussen.
6:37 of 2nd period - Stopped by Ilya Sorokin without a rebound.
6:38 of 2nd period - Elias Pettersson wins face-off versus J.T. Miller in Predators zone.
8:27 of 2nd period - J.T. Compher is hit by Elias Pettersson.
8:41 of 2nd period - Shot by Brandon Carlo.
8:41 of 2nd period - Stopped by Pyotr Kochetkov without a rebound.
8:42 of 2nd period - Colton Sissons wins face-off versus Pavel Zacha in Capitals zone.
8:54 of 2nd period - Shot by J.T. Compher.
8:54 of 2nd period - Stopped by Pyotr Kochetkov without a rebound.
8:55 of 2nd period - J.T. Miller wins face-off versus Michael Rasmussen in Capitals zone.
8:55 of 2nd period - J.T. Miller is hit by Ben Hutton.
8:57 of 2nd period - Shot by Alex Tuch.
8:57 of 2nd period - Shot Misses the Net.
9:32 of 2nd period - Shot by Alex Tuch.
9:32 of 2nd period - Stopped by Pyotr Kochetkov without a rebound.
9:33 of 2nd period - Pavel Zacha wins face-off versus Tage Thompson in Capitals zone.
9:35 of 2nd period - Kevin Labanc is hit by Gabriel Vilardi and loses puck.
10:28 of 2nd period - Off-side.
10:29 of 2nd period - J.T. Miller wins face-off versus Quinton Byfield in neutral zone.
10:36 of 2nd period - Off-side.
10:37 of 2nd period - J.T. Miller wins face-off versus Quinton Byfield in neutral zone.
11:00 of 2nd period - Shot by J.T. Miller.
11:00 of 2nd period - Stopped by Pyotr Kochetkov with a rebound.
11:43 of 2nd period - Elias Pettersson is hit by Darnell Nurse and loses puck.
11:52 of 2nd period - Shot by Elias Pettersson.
11:52 of 2nd period - Shot Blocked by Darnell Nurse.
11:54 of 2nd period - Shot by Kaapo Kakko.
11:54 of 2nd period - Stopped by Ilya Sorokin without a rebound.
11:55 of 2nd period - Jesperi Kotkaniemi wins face-off versus Pavel Zacha in Predators zone.
12:06 of 2nd period - Shot by Jesperi Kotkaniemi.
12:06 of 2nd period - Stopped by Pyotr Kochetkov without a rebound.
12:07 of 2nd period - Tage Thompson wins face-off versus Pavel Zacha in Capitals zone.
13:04 of 2nd period - Roman Josi is hit by Elias Pettersson and loses puck.
13:08 of 2nd period - Roman Josi is hit by Kaapo Kakko.
13:55 of 2nd period - Elias Pettersson is hit by Yakov Trenin and loses puck.
14:02 of 2nd period - Elias Pettersson is hit by Yakov Trenin and loses puck.
14:22 of 2nd period - Icing by Alex Tuch.
14:23 of 2nd period - Michael Rasmussen wins face-off versus J.T. Miller in Predators zone.
14:23 of 2nd period - Quinton Byfield is hit by Nikita Zadorov and loses puck.
14:38 of 2nd period - Shot by Quinton Byfield.
14:38 of 2nd period - Shot Blocked by Nikita Zadorov.
14:46 of 2nd period - Shot by Quinton Byfield.
14:46 of 2nd period - Deflect By Tyler Johnson.
14:46 of 2nd period - Stopped by Ilya Sorokin without a rebound.
14:47 of 2nd period - Tage Thompson wins face-off versus Pavel Zacha in Predators zone.
14:53 of 2nd period - Thomas Chabot is hit by Jonas Siegenthaler and loses puck.
15:15 of 2nd period - Off-side.
15:16 of 2nd period - Michael Rasmussen wins face-off versus Jesperi Kotkaniemi in neutral zone.
15:19 of 2nd period - Shot by David Kampf.
15:19 of 2nd period - Goal by David Kampf - Predators : 1 - Capitals : 3.
15:20 of 2nd period - Tyler Johnson wins face-off versus Jesperi Kotkaniemi in neutral zone.
15:20 of 2nd period - Tyler Johnson is hit by Yakov Trenin.
15:23 of 2nd period - Ben Hutton is hit by Nikita Zadorov and loses puck.
15:48 of 2nd period - Shot by Taylor Hall.
15:48 of 2nd period - Stopped by Pyotr Kochetkov with a rebound.
16:02 of 2nd period - Shot by Jesperi Kotkaniemi.
16:02 of 2nd period - Stopped by Pyotr Kochetkov without a rebound.
16:03 of 2nd period - J.T. Miller wins face-off versus Elias Pettersson in Capitals zone.
16:46 of 2nd period - Shot by Matias Maccelli.
16:46 of 2nd period - Shot Blocked by Thomas Chabot.
17:16 of 2nd period - Shot by Tage Thompson.
17:16 of 2nd period - Shot Misses the Net.
17:18 of 2nd period - Shot by J.T. Compher.
17:18 of 2nd period - Stopped by Pyotr Kochetkov without a rebound.
17:19 of 2nd period - Jesperi Kotkaniemi wins face-off versus Michael Rasmussen in Capitals zone.
17:40 of 2nd period - Shot by Quinton Byfield.
17:40 of 2nd period - Shot Blocked by Nikita Zadorov.
17:46 of 2nd period - Shot by Michael Rasmussen.
17:46 of 2nd period - Stopped by Ilya Sorokin without a rebound.
17:47 of 2nd period - Kevin Labanc wins face-off versus Tage Thompson in Predators zone.
18:05 of 2nd period - Kevin Labanc is hit by J.T. Compher and loses puck.
18:21 of 2nd period - David Kampf is hit by Kyle Connor and loses puck.
18:55 of 2nd period - Taylor Hall is hit by Jonas Siegenthaler and loses puck.
19:12 of 2nd period - Elias Pettersson is hit by Jesperi Kotkaniemi and loses puck.
19:21 of 2nd period - Minor Penalty to Roman Josi for Interference.
19:22 of 2nd period - Colton Sissons wins face-off versus Michael Rasmussen in Predators zone.
Goals for this period are 0 for Predators vs 3 for Capitals.
Shots for this period are 11 for Predators vs 11 for Capitals.

3rd period


0:01 of 3rd period - Michael Rasmussen wins face-off versus Colton Sissons in neutral zone.
2:31 of 3rd period - Icing by Ben Hutton.
2:32 of 3rd period - Pavel Zacha wins face-off versus Jesperi Kotkaniemi in Capitals zone.
2:32 of 3rd period - Pavel Zacha is hit by Yakov Trenin.
3:19 of 3rd period - Shot by Elias Pettersson.
3:19 of 3rd period - Stopped by Ilya Sorokin without a rebound.
3:20 of 3rd period - Michael Rasmussen wins face-off versus J.T. Miller in Predators zone.
3:57 of 3rd period - Shot by Alex Tuch.
3:57 of 3rd period - Stopped by Pyotr Kochetkov without a rebound.
3:58 of 3rd period - Elias Pettersson wins face-off versus Tage Thompson in Capitals zone.
4:05 of 3rd period - Shot by Matias Maccelli.
4:05 of 3rd period - Shot Misses the Net.
4:10 of 3rd period - Icing by Kyle Connor.
4:11 of 3rd period - Pavel Zacha wins face-off versus Tage Thompson in Predators zone.
4:19 of 3rd period - Roman Josi is hit by Cody Ceci and loses puck.
4:22 of 3rd period - Shot by Kyle Connor.
4:22 of 3rd period - Shot Misses the Net.
4:24 of 3rd period - Shot by Tage Thompson.
4:24 of 3rd period - Stopped by Pyotr Kochetkov without a rebound.
4:25 of 3rd period - Elias Pettersson wins face-off versus J.T. Miller in Capitals zone.
5:42 of 3rd period - Shot by Tage Thompson.
5:42 of 3rd period - Stopped by Pyotr Kochetkov without a rebound.
5:43 of 3rd period - Michael Rasmussen wins face-off versus Taylor Hall in Capitals zone.
6:17 of 3rd period - Off-side.
6:18 of 3rd period - Pavel Zacha wins face-off versus Tage Thompson in neutral zone.
6:27 of 3rd period - Shot by Tage Thompson.
6:27 of 3rd period - Deflect By Kyle Connor.
6:27 of 3rd period - Shot Misses the Net.
6:36 of 3rd period - Minor Penalty to Noah Dobson for Hooking.
6:37 of 3rd period - Matias Maccelli wins face-off versus J.T. Miller in Capitals zone.
6:37 of 3rd period - Matias Maccelli is hit by J.T. Miller.
6:51 of 3rd period - Shot by Matias Maccelli.
6:51 of 3rd period - Shot Misses the Net.
7:11 of 3rd period - Shot by J.T. Miller.
7:11 of 3rd period - Stopped by Pyotr Kochetkov with a rebound.
7:30 of 3rd period - Darnell Nurse is hit by Michael Rasmussen and loses puck.
7:37 of 3rd period - Shot by Michael Rasmussen.
7:37 of 3rd period - Stopped by Ilya Sorokin without a rebound.
7:38 of 3rd period - Tage Thompson wins face-off versus Matias Maccelli in Predators zone.
8:10 of 3rd period - Shot by Roman Josi.
8:10 of 3rd period - Shot Misses the Net.
8:12 of 3rd period - Shot by Alex Tuch.
8:12 of 3rd period - Deflect By Tage Thompson.
8:12 of 3rd period - Stopped by Pyotr Kochetkov without a rebound.
8:13 of 3rd period - Matias Maccelli wins face-off versus Tage Thompson in Capitals zone.
8:13 of 3rd period - Matias Maccelli is hit by Tage Thompson.
8:33 of 3rd period - Shot by Tage Thompson.
8:33 of 3rd period - Stopped by Pyotr Kochetkov without a rebound.
8:34 of 3rd period - J.T. Miller wins face-off versus Michael Rasmussen in Capitals zone.
9:14 of 3rd period - Cal Clutterbuck is hit by Jonas Siegenthaler and loses puck.
9:22 of 3rd period - Off-side.
9:23 of 3rd period - Michael Rasmussen wins face-off versus Tage Thompson in neutral zone.
9:48 of 3rd period - Shot by Tage Thompson.
9:48 of 3rd period - Shot Misses the Net.
9:50 of 3rd period - Shot by Tage Thompson.
9:50 of 3rd period - Deflect By Kyle Connor.
9:50 of 3rd period - Stopped by Pyotr Kochetkov with a rebound.
9:59 of 3rd period - Icing by Noah Dobson.
10:00 of 3rd period - Jesperi Kotkaniemi wins face-off versus Michael Rasmussen in Capitals zone.
10:07 of 3rd period - Shot by Yakov Trenin.
10:07 of 3rd period - Deflect By Taylor Hall.
10:07 of 3rd period - Shot Misses the Net.
11:07 of 3rd period - Off-side.
11:08 of 3rd period - Tage Thompson wins face-off versus Elias Pettersson in neutral zone.
11:11 of 3rd period - Jonas Siegenthaler is hit by Tage Thompson and loses puck.
12:20 of 3rd period - Shot by J.T. Miller.
12:20 of 3rd period - Shot Blocked by Jonas Siegenthaler.
12:47 of 3rd period - Off-side.
12:48 of 3rd period - Pavel Zacha wins face-off versus Taylor Hall in neutral zone.
13:01 of 3rd period - Shot by Jordan Greenway.
13:01 of 3rd period - Stopped by Ilya Sorokin without a rebound.
13:02 of 3rd period - Pavel Zacha wins face-off versus Jesperi Kotkaniemi in Predators zone.
13:15 of 3rd period - Jordan Greenway is hit by Yakov Trenin and loses puck.
13:31 of 3rd period - Taylor Hall is hit by David Kampf and loses puck.
13:38 of 3rd period - Shot by Taylor Hall.
13:38 of 3rd period - Shot Misses the Net.
13:40 of 3rd period - Shot by Yakov Trenin.
13:40 of 3rd period - Stopped by Pyotr Kochetkov without a rebound.
13:41 of 3rd period - J.T. Miller wins face-off versus Quinton Byfield in Capitals zone.
13:48 of 3rd period - Shot by Alex Tuch.
13:48 of 3rd period - Stopped by Pyotr Kochetkov without a rebound.
13:49 of 3rd period - J.T. Miller wins face-off versus Quinton Byfield in Capitals zone.
13:49 of 3rd period - Alex Tuch is hit by Cody Ceci and loses puck.
14:47 of 3rd period - Shot by Kyle Connor.
14:47 of 3rd period - Stopped by Pyotr Kochetkov without a rebound.
14:48 of 3rd period - Elias Pettersson wins face-off versus Tage Thompson in Capitals zone.
15:07 of 3rd period - Shot by Matias Maccelli.
15:07 of 3rd period - Stopped by Ilya Sorokin without a rebound.
15:08 of 3rd period - Jesperi Kotkaniemi wins face-off versus Jordan Greenway in Predators zone.
15:08 of 3rd period - Taylor Hall is hit by Pavel Zacha and loses puck.
15:28 of 3rd period - Ben Hutton is hit by Brandon Carlo and loses puck.
15:33 of 3rd period - Shot by Jordan Greenway.
15:33 of 3rd period - Shot Blocked by Jesperi Kotkaniemi.
15:35 of 3rd period - Shot by Pavel Zacha.
15:35 of 3rd period - Shot Misses the Net.
15:52 of 3rd period - Icing by Yakov Trenin.
15:53 of 3rd period - Elias Pettersson wins face-off versus Jesperi Kotkaniemi in Predators zone.
17:13 of 3rd period - Tage Thompson is hit by Elias Pettersson and loses puck.
17:38 of 3rd period - Nikita Zadorov is hit by Jordan Greenway and loses puck.
18:02 of 3rd period - Minor Penalty to Brandon Carlo for High sticking.
18:03 of 3rd period - Tyler Johnson wins face-off versus Colton Sissons in Predators zone.
18:14 of 3rd period - Shot by Jordan Greenway.
18:14 of 3rd period - Stopped by Ilya Sorokin without a rebound.
18:15 of 3rd period - Colton Sissons wins face-off versus Tyler Johnson in Predators zone.
18:45 of 3rd period - Off-side.
18:46 of 3rd period - Colton Sissons wins face-off versus Michael Rasmussen in neutral zone.
18:55 of 3rd period - Shot by Michael Rasmussen.
18:55 of 3rd period - Stopped by Ilya Sorokin without a rebound.
18:56 of 3rd period - Tyler Johnson wins face-off versus Colton Sissons in Predators zone.
19:03 of 3rd period - Jonas Siegenthaler is hit by Colton Sissons and loses puck.
19:24 of 3rd period - Shot by Jordan Greenway.
19:24 of 3rd period - Stopped by Ilya Sorokin without a rebound.
19:25 of 3rd period - Michael Rasmussen wins face-off versus J.T. Compher in Predators zone.
Goals for this period are 0 for Predators vs 0 for Capitals.
Shots for this period are 10 for Predators vs 7 for Capitals.